[ AOE2 MATCH · #487642976 ]
UnrankedChinese vs Maya
[ REPLAY ANALYSIS · EXTRACTED FROM THE RECORDED GAME ]
Feudal
12:23
Castle
17:33
Imperial
—
| APM avg | 25.1 |
| APM peak | 77 |
| eAPM avg | 16.5 |
| Villagers / military | 143 / 3 |
Focus
⚔️ 12.0% · 🌾 88.0%
Fire Lancer ×2 · Monk ×1
Feudal
14:32
Castle
18:18
Imperial
—
| APM avg | 18.8 |
| APM peak | 51 |
| eAPM avg | 8.4 |
| Villagers / military | 31 / 10 |
Focus
⚔️ 15.2% · 🌾 84.8%
Eagle Scout ×7 · Militia ×3
Feudal
13:12
Castle
18:20
Imperial
—
| APM avg | 25.0 |
| APM peak | 52 |
| eAPM avg | 14.0 |
| Villagers / military | 71 / 25 |
Focus
⚔️ 22.1% · 🌾 77.9%
Rattan Archer ×22 · Mangonel ×3
Feudal
15:05
Castle
21:09
Imperial
—
| APM avg | 27.9 |
| APM peak | 52 |
| eAPM avg | 13.9 |
| Villagers / military | 88 / 14 |
Focus
⚔️ 29.4% · 🌾 70.6%
Coustillier ×8 · Scorpion ×3 · Mangonel ×1 · Spearman ×1 · Scout Cavalry ×1
Feudal
12:56
Castle
16:55
Imperial
—
| APM avg | 36.9 |
| APM peak | 78 |
| eAPM avg | 14.6 |
| Villagers / military | 56 / 0 |
Focus
⚔️ 31.0% · 🌾 69.0%
Unknown (2579) ×35
Feudal
12:45
Castle
25:35
Imperial
—
| APM avg | 48.2 |
| APM peak | 110 |
| eAPM avg | 22.3 |
| Villagers / military | 42 / 25 |
Focus
⚔️ 41.8% · 🌾 58.2%
Skirmisher ×15 · Knight ×5 · Scout Cavalry ×5
Feudal
—
Castle
—
Imperial
—
| APM avg | 29.3 |
| APM peak | 61 |
| eAPM avg | 17.0 |
| Villagers / military | 47 / 33 |
Focus
⚔️ 61.7% · 🌾 38.3%
Conquistador ×28 · Mangonel ×3 · Battering Ram ×2
Feudal
—
Castle
—
Imperial
—
| APM avg | 17.2 |
| APM peak | 60 |
| eAPM avg | 8.2 |
| Villagers / military | 52 / 26 |
Focus
⚔️ 29.8% · 🌾 70.2%
Eagle Scout ×26
Match map
Initial resources + every placement click. Lines = walls · curves = elevation contours. ◆ gold · ⬟ stone · ● berries · ✦ relic · ◌ wall gap
Your base· Open — unwalled flank
MAYONESA's base· Open — 7t gap
RDA | Damiii el TORO's base· Open — unwalled flank
PuflitoPisado's base· Open — unwalled flank
RDA Infernus's base· Open — 5t gap
Marianob04's base· Open — 2t gap
RDA Ghosti's base· Open — unwalled flank
DNANNA6781's base· Open — unwalled flank
Smoothed initial terrain · ◌ = detected wall gap · hover for details
Inputs per minute
— DS_Gitano Urbano - - MAYONESA
Build order — DS_Gitano Urbano
First 150 of 243 actions detected
| 0:24 | Build | Town Center |
| 2:35 | Research | Loom |
| 2:36 | Research | Loom |
| 3:08 | Create | Villager (Male) |
| 3:28 | Create | Villager (Male) |
| 3:53 | Create | Villager (Male) |
| 3:53 | Create | Villager (Male) |
| 4:18 | Create | Villager (Male) |
| 4:39 | Build | Lumber Camp |
| 4:42 | Build | House |
| 4:47 | Create | Villager (Male) |
| 4:48 | Create | Villager (Male) |
| 4:48 | Create | Villager (Male) |
| 5:05 | Create | Villager (Male) |
| 5:10 | Build | House |
| 5:55 | Create | Villager (Male) |
| 5:55 | Create | Villager (Male) |
| 5:55 | Create | Villager (Male) |
| 6:18 | Create | Villager (Male) |
| 6:29 | Create | Villager (Male) |
| 6:29 | Create | Villager (Male) |
| 7:11 | Build | Mill |
| 7:31 | Build | House |
| 7:58 | Create | Villager (Male) |
| 8:24 | Create | Villager (Male) |
| 8:31 | Build | Mining Camp |
| 8:47 | Create | Villager (Male) |
| 8:59 | Create | Villager (Male) |
| 9:13 | Create | Villager (Male) |
| 9:44 | Build | Mill |
| 10:10 | Research | Feudal Age |
| 10:24 | Build | House |
| 11:34 | Build | Mill |
| 11:47 | Create | Villager (Male) |
| 11:48 | Create | Villager (Male) |
| 12:23 | Age | Feudal Age |
| 12:25 | Create | Villager (Male) |
| 12:40 | Build | Market |
| 13:25 | Research | Town Watch |
| 13:43 | Build | Blacksmith |
| 13:51 | Create | Villager (Male) |
| 14:00 | Create | Villager (Male) |
| 14:07 | Build | House |
| 14:24 | Research | Double-Bit Axe |
| 14:52 | Research | Castle Age |
| 15:28 | Research | Horse Collar |
| 15:32 | Research | Gold Mining |
| 15:49 | Research | Stone Mining |
| 16:56 | Build | Barracks |
| 17:02 | Create | Villager (Male) |
| 17:05 | Create | Villager (Male) |
| 17:33 | Age | Castle Age |
| 17:43 | Create | Villager (Male) |
| 17:48 | Create | Fire Lancer |
| 17:49 | Create | Fire Lancer |
| 18:02 | Create | Villager (Male) |
| 18:06 | Create | Villager (Male) |
| 18:22 | Research | Scale Mail Armor |
| 18:39 | Build | Town Center |
| 18:41 | Create | Villager (Male) |
| 18:41 | Create | Villager (Male) |
| 19:16 | Create | Villager (Male) |
| 19:23 | Build | Town Center |
| 19:32 | Create | Villager (Male) |
| 19:46 | Research | Bow Saw |
| 19:56 | Create | Villager (Male) |
| 20:08 | Create | Villager (Male) |
| 20:08 | Create | Villager (Male) |
| 20:24 | Create | Villager (Male) |
| 20:24 | Create | Villager (Male) |
| 20:37 | Build | Mill |
| 20:43 | Create | Villager (Male) |
| 20:43 | Create | Villager (Male) |
| 20:53 | Create | Villager (Male) |
| 20:53 | Create | Villager (Male) |
| 20:55 | Create | Villager (Male) |
| 20:55 | Create | Villager (Male) |
| 20:59 | Build | House |
| 21:00 | Build | House |
| 21:19 | Create | Villager (Male) |
| 21:19 | Create | Villager (Male) |
| 21:25 | Create | Villager (Male) |
| 21:25 | Create | Villager (Male) |
| 21:43 | Research | Heavy Plow |
| 21:47 | Build | Farm |
| 21:48 | Build | Farm |
| 21:48 | Build | Farm |
| 21:48 | Build | Farm |
| 21:48 | Build | Farm |
| 21:54 | Create | Villager (Male) |
| 21:55 | Create | Villager (Male) |
| 21:57 | Create | Villager (Male) |
| 22:04 | Create | Villager (Male) |
| 22:05 | Create | Villager (Male) |
| 22:06 | Create | Villager (Male) |
| 22:24 | Create | Villager (Male) |
| 22:25 | Create | Villager (Male) |
| 22:29 | Create | Villager (Male) |
| 22:30 | Create | Villager (Male) |
| 22:30 | Create | Villager (Male) |
| 22:42 | Build | Town Center |
| 22:46 | Create | Villager (Male) |
| 22:46 | Create | Villager (Male) |
| 22:54 | Create | Villager (Male) |
| 22:59 | Build | House |
| 23:01 | Build | House |
| 23:06 | Build | House |
| 23:10 | Create | Villager (Male) |
| 23:11 | Create | Villager (Male) |
| 23:11 | Create | Villager (Male) |
| 23:15 | Build | Farm |
| 23:30 | Create | Villager (Male) |
| 23:38 | Research | Wheelbarrow |
| 23:44 | Build | Farm |
| 23:47 | Build | Farm |
| 23:49 | Create | Villager (Male) |
| 23:50 | Create | Villager (Male) |
| 24:02 | Create | Villager (Male) |
| 24:09 | Create | Villager (Male) |
| 24:17 | Build | Stable |
| 24:27 | Create | Villager (Male) |
| 24:28 | Create | Villager (Male) |
| 24:29 | Create | Villager (Male) |
| 24:41 | Build | Town Center |
| 24:46 | Create | Villager (Male) |
| 24:46 | Create | Villager (Male) |
| 24:47 | Create | Villager (Male) |
| 25:02 | Create | Villager (Male) |
| 25:13 | Create | Villager (Male) |
| 25:13 | Create | Villager (Male) |
| 25:19 | Create | Villager (Male) |
| 25:19 | Create | Villager (Male) |
| 25:31 | Build | Farm |
| 25:32 | Build | Farm |
| 25:32 | Build | Farm |
| 25:34 | Build | Farm |
| 25:35 | Create | Villager (Male) |
| 25:54 | Create | Villager (Male) |
| 25:55 | Research | Hand Cart |
| 26:04 | Build | House |
| 26:05 | Build | House |
| 26:05 | Build | House |
| 26:05 | Build | House |
| 26:06 | Build | House |
| 26:06 | Build | House |
| 26:06 | Build | House |
| 26:06 | Build | House |
| 26:08 | Create | Villager (Male) |
| 26:09 | Create | Villager (Male) |
| 26:20 | Build | Farm |
Build order — MAYONESA
79 actions detected in the replay
| 0:27 | Build | Town Center |
| 1:50 | Build | House |
| 2:56 | Create | Villager (Male) |
| 2:57 | Create | Villager (Male) |
| 2:57 | Create | Villager (Male) |
| 3:45 | Build | House |
| 4:32 | Create | Villager (Male) |
| 4:58 | Create | Villager (Male) |
| 5:21 | Create | Villager (Male) |
| 5:45 | Build | House |
| 5:57 | Build | Mill |
| 6:02 | Build | Mill |
| 6:07 | Create | Villager (Male) |
| 6:07 | Create | Villager (Male) |
| 6:07 | Create | Villager (Male) |
| 6:10 | Research | Loom |
| 7:36 | Create | Villager (Male) |
| 7:36 | Create | Villager (Male) |
| 7:52 | Create | Villager (Male) |
| 8:16 | Create | Villager (Male) |
| 9:00 | Create | Villager (Male) |
| 9:01 | Create | Villager (Male) |
| 9:07 | Build | House |
| 9:59 | Create | Villager (Male) |
| 10:37 | Create | Villager (Male) |
| 10:55 | Create | Villager (Male) |
| 11:27 | Create | Villager (Male) |
| 11:31 | Build | Barracks |
| 11:47 | Create | Villager (Male) |
| 11:59 | Research | Feudal Age |
| 12:23 | Build | House |
| 13:08 | Create | Militia |
| 13:09 | Create | Militia |
| 13:09 | Create | Militia |
| 14:32 | Age | Feudal Age |
| 14:37 | Build | Archery Range |
| 14:50 | Build | Blacksmith |
| 14:51 | Create | Villager (Male) |
| 15:38 | Research | Castle Age |
| 16:05 | Build | Farm |
| 16:08 | Build | Farm |
| 16:45 | Create | Eagle Scout |
| 16:45 | Create | Eagle Scout |
| 16:45 | Create | Eagle Scout |
| 16:50 | Build | Farm |
| 16:53 | Build | Farm |
| 16:56 | Build | Farm |
| 17:39 | Build | Market |
| 17:56 | Research | Forging |
| 18:07 | Build | House |
| 18:13 | Build | House |
| 18:15 | Build | House |
| 18:18 | Age | Castle Age |
| 18:20 | Build | Farm |
| 18:23 | Build | Farm |
| 18:27 | Create | Eagle Scout |
| 18:43 | Create | Villager (Male) |
| 18:43 | Create | Villager (Male) |
| 18:48 | Build | Farm |
| 19:14 | Research | Horse Collar |
| 19:24 | Create | Eagle Scout |
| 19:53 | Create | Villager (Male) |
| 20:01 | Build | Town Center |
| 20:24 | Research | Eagle Warrior (upgrade) |
| 20:44 | Create | Villager (Male) |
| 20:44 | Create | Villager (Male) |
| 20:44 | Create | Villager (Male) |
| 21:21 | Create | Eagle Scout |
| 21:38 | Create | Eagle Scout |
| 22:31 | Build | Town Center |
| 22:43 | Research | Wheelbarrow |
| 22:50 | Build | Lumber Camp |
| 23:51 | Create | Villager (Male) |
| 24:39 | Build | Town Center |
| 24:48 | Build | Town Center |
| 24:54 | Create | Villager (Male) |
| 25:42 | Create | Villager (Male) |
| 25:52 | Build | Mill |
| 26:28 | Create | Villager (Male) |
Build order — RDA | Damiii el TORO
First 150 of 152 actions detected
| 0:14 | Build | Town Center |
| 2:06 | Build | House |
| 2:25 | Build | House |
| 2:39 | Build | House |
| 2:49 | Create | Villager (Male) |
| 2:50 | Create | Villager (Male) |
| 2:50 | Create | Villager (Male) |
| 2:59 | Create | Villager (Male) |
| 3:45 | Research | Loom |
| 3:49 | Build | House |
| 4:08 | Build | House |
| 4:21 | Create | Villager (Male) |
| 4:22 | Create | Villager (Male) |
| 4:22 | Create | Villager (Male) |
| 4:41 | Create | Villager (Male) |
| 5:27 | Create | Villager (Male) |
| 5:27 | Create | Villager (Male) |
| 5:54 | Create | Villager (Male) |
| 5:55 | Create | Villager (Male) |
| 6:47 | Build | House |
| 6:59 | Build | House |
| 7:04 | Create | Villager (Male) |
| 7:16 | Create | Villager (Male) |
| 7:48 | Create | Villager (Male) |
| 7:49 | Create | Villager (Male) |
| 8:58 | Create | Villager (Male) |
| 9:16 | Build | Lumber Camp |
| 9:29 | Create | Villager (Male) |
| 9:29 | Create | Villager (Male) |
| 9:51 | Create | Villager (Male) |
| 10:47 | Build | Mill |
| 10:53 | Create | Villager (Male) |
| 11:02 | Research | Feudal Age |
| 11:02 | Research | Feudal Age |
| 11:19 | Build | House |
| 11:21 | Build | House |
| 11:31 | Create | Villager (Male) |
| 11:31 | Create | Villager (Male) |
| 12:27 | Build | Palisade Wall |
| 12:34 | Build | Palisade Gate |
| 12:41 | Build | Palisade Wall |
| 13:12 | Age | Feudal Age |
| 13:53 | Build | Watch Tower |
| 13:58 | Create | Villager (Male) |
| 13:59 | Create | Villager (Male) |
| 14:08 | Build | Blacksmith |
| 14:42 | Create | Villager (Male) |
| 15:00 | Build | Market |
| 15:34 | Research | Town Watch |
| 15:40 | Research | Castle Age |
| 16:21 | Build | Barracks |
| 16:43 | Build | Palisade Wall |
| 17:06 | Build | Mining Camp |
| 17:14 | Research | Fletching |
| 18:09 | Create | Villager (Male) |
| 18:09 | Create | Villager (Male) |
| 18:17 | Create | Villager (Male) |
| 18:20 | Age | Castle Age |
| 18:25 | Create | Villager (Male) |
| 18:56 | Build | Palisade Wall |
| 18:59 | Build | Palisade Wall |
| 19:02 | Build | Palisade Wall |
| 19:50 | Create | Villager (Male) |
| 19:50 | Create | Villager (Male) |
| 20:10 | Build | Farm |
| 20:13 | Build | Farm |
| 20:14 | Build | Farm |
| 20:42 | Create | Villager (Male) |
| 21:20 | Build | Castle |
| 21:26 | Build | House |
| 21:42 | Create | Villager (Male) |
| 21:43 | Create | Villager (Male) |
| 21:58 | Research | Double-Bit Axe |
| 22:06 | Create | Villager (Male) |
| 22:32 | Create | Rattan Archer |
| 22:32 | Create | Rattan Archer |
| 22:32 | Create | Rattan Archer |
| 22:55 | Build | Town Center |
| 23:01 | Create | Rattan Archer |
| 23:11 | Create | Villager (Male) |
| 23:12 | Create | Villager (Male) |
| 23:24 | Create | Rattan Archer |
| 23:25 | Create | Rattan Archer |
| 23:25 | Create | Rattan Archer |
| 23:46 | Create | Villager (Male) |
| 23:46 | Create | Villager (Male) |
| 23:46 | Create | Villager (Male) |
| 23:59 | Create | Rattan Archer |
| 23:59 | Create | Rattan Archer |
| 24:15 | Create | Rattan Archer |
| 24:15 | Create | Rattan Archer |
| 24:17 | Build | Farm |
| 24:22 | Create | Villager (Male) |
| 24:29 | Create | Rattan Archer |
| 24:29 | Create | Rattan Archer |
| 24:40 | Create | Villager (Male) |
| 24:41 | Create | Rattan Archer |
| 24:42 | Create | Rattan Archer |
| 25:00 | Build | Siege Workshop |
| 25:03 | Create | Villager (Male) |
| 25:08 | Create | Villager (Male) |
| 25:13 | Create | Rattan Archer |
| 25:13 | Create | Rattan Archer |
| 25:21 | Create | Rattan Archer |
| 25:29 | Create | Villager (Male) |
| 25:32 | Build | Farm |
| 25:38 | Build | Farm |
| 25:40 | Build | Farm |
| 25:50 | Create | Villager (Male) |
| 25:55 | Build | Lumber Camp |
| 26:01 | Create | Villager (Male) |
| 26:07 | Create | Rattan Archer |
| 26:28 | Create | Villager (Male) |
| 26:29 | Create | Villager (Male) |
| 26:35 | Build | Mill |
| 26:43 | Create | Villager (Male) |
| 26:50 | Create | Villager (Male) |
| 26:55 | Build | Farm |
| 27:06 | Build | Farm |
| 27:07 | Create | Villager (Male) |
| 27:08 | Create | Villager (Male) |
| 27:22 | Create | Villager (Male) |
| 27:37 | Build | Lumber Camp |
| 27:48 | Create | Rattan Archer |
| 27:48 | Create | Rattan Archer |
| 27:50 | Create | Villager (Male) |
| 27:51 | Create | Villager (Male) |
| 27:51 | Create | Villager (Male) |
| 28:25 | Create | Mangonel |
| 28:26 | Create | Mangonel |
| 28:33 | Create | Villager (Male) |
| 28:34 | Create | Villager (Male) |
| 28:34 | Create | Villager (Male) |
| 28:34 | Create | Villager (Male) |
| 28:34 | Create | Villager (Male) |
| 28:35 | Create | Villager (Male) |
| 28:49 | Build | House |
| 28:50 | Build | House |
| 28:50 | Build | House |
| 28:56 | Create | Villager (Male) |
| 28:56 | Create | Villager (Male) |
| 29:11 | Create | Rattan Archer |
| 29:21 | Research | Bodkin Arrow |
| 29:23 | Create | Villager (Male) |
| 30:10 | Build | Town Center |
| 30:18 | Build | House |
| 30:21 | Build | House |
| 30:25 | Create | Villager (Male) |
| 30:25 | Create | Villager (Male) |
| 30:26 | Create | Villager (Male) |
Build order — PuflitoPisado
First 150 of 187 actions detected
| 0:50 | Build | Town Center |
| 2:27 | Build | House |
| 3:04 | Create | Villager (Male) |
| 3:05 | Create | Villager (Male) |
| 3:05 | Create | Villager (Male) |
| 3:32 | Create | Villager (Male) |
| 4:05 | Create | Villager (Male) |
| 4:48 | Research | Loom |
| 4:53 | Create | Villager (Male) |
| 4:55 | Build | House |
| 5:08 | Build | House |
| 5:16 | Create | Villager (Male) |
| 5:20 | Build | House |
| 5:39 | Create | Villager (Male) |
| 5:45 | Build | House |
| 6:18 | Create | Villager (Male) |
| 6:36 | Build | Mill |
| 6:41 | Create | Villager (Male) |
| 6:41 | Create | Villager (Male) |
| 6:57 | Create | Villager (Male) |
| 7:08 | Create | Villager (Male) |
| 7:08 | Create | Villager (Male) |
| 7:23 | Build | House |
| 7:51 | Build | House |
| 8:02 | Create | Villager (Male) |
| 8:16 | Build | House |
| 8:36 | Create | Villager (Male) |
| 8:58 | Create | Villager (Male) |
| 9:15 | Create | Villager (Male) |
| 9:26 | Create | Villager (Male) |
| 10:08 | Create | Villager (Male) |
| 10:41 | Create | Villager (Male) |
| 11:28 | Research | Loom |
| 12:13 | Build | Lumber Camp |
| 12:16 | Create | Villager (Male) |
| 12:55 | Research | Feudal Age |
| 13:46 | Build | Lumber Camp |
| 14:11 | Create | Villager (Male) |
| 14:34 | Build | Lumber Camp |
| 14:37 | Create | Villager (Male) |
| 14:59 | Build | House |
| 15:05 | Age | Feudal Age |
| 15:09 | Research | Wheelbarrow |
| 15:14 | Create | Villager (Male) |
| 15:26 | Research | Double-Bit Axe |
| 15:28 | Create | Villager (Male) |
| 15:31 | Build | House |
| 15:43 | Create | Villager (Male) |
| 15:50 | Research | Horse Collar |
| 15:56 | Build | House |
| 16:02 | Create | Villager (Male) |
| 16:12 | Build | Lumber Camp |
| 16:16 | Create | Villager (Male) |
| 16:27 | Create | Villager (Male) |
| 16:30 | Build | Palisade Wall |
| 16:45 | Build | Market |
| 16:50 | Build | House |
| 16:52 | Create | Villager (Male) |
| 17:17 | Build | Barracks |
| 17:22 | Create | Villager (Male) |
| 17:29 | Build | Palisade Wall |
| 17:38 | Create | Villager (Male) |
| 17:52 | Build | Stable |
| 18:08 | Build | Mining Camp |
| 18:13 | Create | Spearman |
| 18:24 | Research | Castle Age |
| 18:34 | Create | Scout Cavalry |
| 18:43 | Build | Palisade Wall |
| 19:17 | Create | Villager (Male) |
| 20:24 | Build | Farm |
| 20:26 | Build | Farm |
| 20:27 | Build | Farm |
| 20:28 | Build | Farm |
| 20:49 | Research | Bow Saw |
| 21:09 | Age | Castle Age |
| 21:16 | Build | Town Center |
| 21:20 | Build | Town Center |
| 22:04 | Create | Villager (Male) |
| 22:28 | Create | Villager (Male) |
| 22:43 | Build | Castle |
| 22:52 | Create | Villager (Male) |
| 23:06 | Create | Villager (Male) |
| 23:07 | Create | Villager (Male) |
| 23:18 | Create | Villager (Male) |
| 23:19 | Create | Villager (Male) |
| 23:19 | Create | Villager (Male) |
| 23:48 | Build | Farm |
| 23:49 | Build | Farm |
| 23:50 | Build | Farm |
| 23:51 | Build | Farm |
| 23:55 | Build | Farm |
| 23:56 | Build | Farm |
| 24:00 | Create | Villager (Male) |
| 24:00 | Create | Villager (Male) |
| 24:00 | Create | Villager (Male) |
| 24:17 | Create | Villager (Male) |
| 24:17 | Create | Villager (Male) |
| 24:21 | Build | Farm |
| 24:27 | Build | Farm |
| 24:28 | Create | Villager (Male) |
| 24:42 | Build | Farm |
| 24:55 | Build | Mining Camp |
| 24:59 | Build | Palisade Wall |
| 25:03 | Create | Villager (Male) |
| 25:04 | Create | Villager (Male) |
| 25:11 | Build | Farm |
| 25:12 | Create | Villager (Male) |
| 25:18 | Build | Farm |
| 25:20 | Build | Farm |
| 25:28 | Create | Villager (Male) |
| 25:29 | Create | Villager (Male) |
| 25:34 | Create | Coustillier |
| 25:36 | Create | Villager (Male) |
| 25:46 | Build | Farm |
| 25:46 | Create | Villager (Male) |
| 26:06 | Build | Farm |
| 26:07 | Build | Farm |
| 26:11 | Build | Farm |
| 26:13 | Build | Farm |
| 26:13 | Create | Villager (Male) |
| 26:14 | Create | Villager (Male) |
| 26:15 | Build | Farm |
| 26:18 | Build | Farm |
| 26:18 | Create | Villager (Male) |
| 26:19 | Create | Villager (Male) |
| 26:26 | Create | Villager (Male) |
| 26:26 | Create | Villager (Male) |
| 26:32 | Build | Farm |
| 26:40 | Create | Coustillier |
| 27:06 | Build | Blacksmith |
| 27:07 | Create | Villager (Male) |
| 27:08 | Create | Villager (Male) |
| 27:08 | Create | Villager (Male) |
| 27:14 | Build | Farm |
| 27:15 | Create | Villager (Male) |
| 27:15 | Create | Villager (Male) |
| 27:21 | Build | Farm |
| 27:22 | Build | Farm |
| 27:25 | Build | Farm |
| 27:34 | Create | Villager (Male) |
| 27:35 | Create | Villager (Male) |
| 27:35 | Create | Villager (Male) |
| 27:41 | Create | Villager (Male) |
| 27:49 | Build | Siege Workshop |
| 27:51 | Create | Villager (Male) |
| 27:51 | Create | Villager (Male) |
| 27:56 | Create | Coustillier |
| 27:59 | Create | Villager (Male) |
| 28:10 | Build | Town Center |
| 28:10 | Create | Villager (Male) |
Build order — RDA Infernus
147 actions detected in the replay
| 0:10 | Build | Town Center |
| 1:31 | Build | Settlement |
| 1:36 | Build | Palisade Wall |
| 2:32 | Create | Villager (Male) |
| 2:32 | Create | Villager (Male) |
| 2:33 | Create | Villager (Male) |
| 2:33 | Create | Villager (Male) |
| 2:33 | Create | Villager (Male) |
| 3:04 | Research | Loom |
| 3:22 | Create | Villager (Male) |
| 3:23 | Create | Villager (Male) |
| 3:23 | Create | Villager (Male) |
| 3:50 | Create | Villager (Male) |
| 4:21 | Create | Villager (Male) |
| 4:54 | Create | Villager (Male) |
| 4:54 | Create | Villager (Male) |
| 5:15 | Build | Settlement |
| 5:38 | Create | Villager (Male) |
| 6:38 | Create | Villager (Male) |
| 6:38 | Create | Villager (Male) |
| 6:39 | Create | Villager (Male) |
| 6:39 | Create | Villager (Male) |
| 6:39 | Create | Villager (Male) |
| 6:54 | Build | House |
| 7:59 | Create | Villager (Male) |
| 8:22 | Build | Settlement |
| 8:31 | Create | Villager (Male) |
| 9:07 | Create | Villager (Male) |
| 9:46 | Create | Villager (Male) |
| 10:21 | Create | Villager (Male) |
| 10:34 | Research | Feudal Age |
| 10:49 | Build | Farm |
| 10:55 | Build | Farm |
| 10:56 | Build | Farm |
| 11:58 | Create | Villager (Male) |
| 11:58 | Create | Villager (Male) |
| 12:16 | Build | House |
| 12:24 | Build | House |
| 12:36 | Build | House |
| 12:56 | Age | Feudal Age |
| 13:03 | Build | Blacksmith |
| 13:07 | Build | Market |
| 13:38 | Create | Villager (Male) |
| 13:53 | Build | Settlement |
| 14:15 | Research | Castle Age |
| 14:38 | Build | House |
| 14:59 | Research | Double-Bit Axe |
| 15:56 | Research | Fletching |
| 16:55 | Age | Castle Age |
| 17:02 | Build | Castle |
| 17:09 | Create | Villager (Male) |
| 17:48 | Build | Stone Wall |
| 17:53 | Create | Villager (Male) |
| 18:33 | Create | Unit 2579 |
| 18:34 | Create | Unit 2579 |
| 18:55 | Research | Bodkin Arrow |
| 19:23 | Build | Stone Wall |
| 19:25 | Create | Villager (Male) |
| 19:27 | Create | Unit 2579 |
| 19:27 | Create | Unit 2579 |
| 19:51 | Build | Farm |
| 19:54 | Build | Farm |
| 19:55 | Build | Farm |
| 19:57 | Create | Unit 2579 |
| 19:57 | Create | Unit 2579 |
| 20:12 | Create | Unit 2579 |
| 20:12 | Create | Unit 2579 |
| 20:25 | Create | Villager (Male) |
| 20:42 | Create | Villager (Male) |
| 20:46 | Build | University |
| 20:54 | Create | Unit 2579 |
| 21:28 | Create | Unit 2579 |
| 21:29 | Create | Unit 2579 |
| 21:33 | Create | Villager (Male) |
| 21:33 | Create | Villager (Male) |
| 21:54 | Create | Unit 2579 |
| 21:55 | Create | Unit 2579 |
| 22:11 | Create | Villager (Male) |
| 22:33 | Create | Unit 2579 |
| 22:35 | Create | Villager (Male) |
| 22:41 | Build | Farm |
| 22:59 | Create | Unit 2579 |
| 23:10 | Create | Villager (Male) |
| 23:11 | Create | Unit 2579 |
| 23:24 | Research | Ballistics |
| 24:06 | Create | Unit 2579 |
| 24:06 | Create | Unit 2579 |
| 24:07 | Create | Villager (Male) |
| 24:08 | Create | Villager (Male) |
| 24:47 | Create | Unit 2579 |
| 24:48 | Create | Unit 2579 |
| 25:20 | Create | Unit 2579 |
| 25:21 | Create | Unit 2579 |
| 25:30 | Create | Villager (Male) |
| 25:30 | Create | Villager (Male) |
| 25:37 | Build | Settlement |
| 25:40 | Research | Padded Archer Armor |
| 26:09 | Create | Unit 2579 |
| 26:09 | Create | Unit 2579 |
| 26:10 | Create | Villager (Male) |
| 26:29 | Build | Town Center |
| 26:40 | Create | Villager (Male) |
| 26:41 | Create | Villager (Male) |
| 26:56 | Create | Villager (Male) |
| 27:14 | Create | Unit 2579 |
| 27:14 | Create | Unit 2579 |
| 27:29 | Create | Unit 2579 |
| 27:31 | Create | Villager (Male) |
| 27:31 | Create | Villager (Male) |
| 27:44 | Create | Unit 2579 |
| 27:52 | Build | Farm |
| 27:53 | Build | Farm |
| 27:53 | Build | Farm |
| 28:00 | Build | Farm |
| 28:00 | Build | Farm |
| 28:00 | Build | Farm |
| 28:00 | Build | Farm |
| 28:00 | Build | Farm |
| 28:04 | Create | Villager (Male) |
| 28:27 | Create | Unit 2579 |
| 29:13 | Create | Unit 2579 |
| 29:13 | Create | Unit 2579 |
| 29:30 | Create | Unit 2579 |
| 29:45 | Create | Unit 2579 |
| 29:46 | Create | Villager (Male) |
| 29:46 | Create | Villager (Male) |
| 29:46 | Create | Villager (Male) |
| 29:46 | Create | Villager (Male) |
| 29:47 | Create | Villager (Male) |
| 29:51 | Build | Farm |
| 29:52 | Build | Farm |
| 29:52 | Build | Farm |
| 29:52 | Build | Farm |
| 29:54 | Build | Farm |
| 29:58 | Build | Farm |
| 29:58 | Build | Farm |
| 29:59 | Build | Farm |
| 30:00 | Build | Farm |
| 30:02 | Create | Villager (Male) |
| 31:00 | Create | Unit 2579 |
| 31:00 | Create | Unit 2579 |
| 31:15 | Create | Villager (Male) |
| 31:15 | Create | Villager (Male) |
| 31:16 | Create | Villager (Male) |
| 31:18 | Build | House |
| 31:19 | Build | House |
| 31:20 | Build | House |
Build order — Marianob04
122 actions detected in the replay
| 0:41 | Build | Town Center |
| 1:05 | Build | House |
| 3:20 | Create | Villager (Male) |
| 3:21 | Create | Villager (Male) |
| 3:31 | Create | Villager (Male) |
| 3:31 | Create | Villager (Male) |
| 4:06 | Create | Villager (Male) |
| 4:46 | Research | Loom |
| 5:32 | Build | Lumber Camp |
| 5:39 | Create | Villager (Male) |
| 5:39 | Create | Villager (Male) |
| 5:50 | Create | Villager (Male) |
| 6:32 | Build | House |
| 6:47 | Create | Villager (Male) |
| 6:50 | Research | Loom |
| 6:56 | Build | House |
| 7:13 | Create | Villager (Male) |
| 7:14 | Create | Villager (Male) |
| 7:34 | Create | Villager (Male) |
| 7:37 | Create | Villager (Male) |
| 8:06 | Create | Villager (Male) |
| 8:29 | Build | House |
| 8:38 | Create | Villager (Male) |
| 9:06 | Create | Villager (Male) |
| 9:17 | Create | Villager (Male) |
| 9:44 | Build | Mill |
| 9:53 | Create | Villager (Male) |
| 10:33 | Research | Feudal Age |
| 11:27 | Build | Barracks |
| 12:45 | Age | Feudal Age |
| 12:48 | Build | Stable |
| 12:57 | Build | Stable |
| 13:06 | Build | House |
| 13:08 | Create | Villager (Male) |
| 13:20 | Build | House |
| 13:22 | Build | Palisade Wall |
| 13:27 | Build | Palisade Wall |
| 13:30 | Build | Palisade Wall |
| 13:36 | Build | Palisade Wall |
| 13:43 | Create | Villager (Male) |
| 13:46 | Create | Villager (Male) |
| 14:04 | Create | Villager (Male) |
| 14:11 | Create | Scout Cavalry |
| 14:11 | Create | Scout Cavalry |
| 14:45 | Create | Scout Cavalry |
| 14:55 | Build | Blacksmith |
| 15:09 | Create | Villager (Male) |
| 15:26 | Create | Villager (Male) |
| 15:38 | Create | Villager (Male) |
| 15:59 | Build | House |
| 16:30 | Create | Scout Cavalry |
| 16:42 | Create | Villager (Male) |
| 16:45 | Create | Scout Cavalry |
| 16:59 | Create | Villager (Male) |
| 17:09 | Build | Mining Camp |
| 17:09 | Create | Villager (Male) |
| 17:45 | Create | Villager (Male) |
| 18:31 | Create | Villager (Male) |
| 18:32 | Create | Villager (Male) |
| 18:41 | Create | Villager (Male) |
| 18:45 | Build | Farm |
| 18:46 | Build | Farm |
| 18:46 | Build | Farm |
| 18:46 | Build | Farm |
| 18:46 | Build | Farm |
| 19:21 | Create | Villager (Male) |
| 19:27 | Build | Archery Range |
| 19:35 | Create | Villager (Male) |
| 19:43 | Build | House |
| 19:52 | Build | Palisade Gate |
| 19:54 | Create | Villager (Male) |
| 20:32 | Research | Wheelbarrow |
| 21:13 | Create | Villager (Male) |
| 21:20 | Build | Palisade Wall |
| 21:27 | Build | Palisade Wall |
| 21:35 | Build | Farm |
| 21:35 | Build | Farm |
| 21:35 | Build | Farm |
| 21:57 | Build | Market |
| 22:01 | Create | Villager (Male) |
| 22:41 | Build | House |
| 22:55 | Research | Castle Age |
| 23:01 | Build | House |
| 23:02 | Build | Palisade Wall |
| 23:06 | Create | Villager (Male) |
| 23:33 | Research | Double-Bit Axe |
| 23:57 | Build | Archery Range |
| 23:59 | Create | Villager (Male) |
| 24:12 | Create | Villager (Male) |
| 24:19 | Create | Skirmisher |
| 24:19 | Create | Skirmisher |
| 24:19 | Create | Skirmisher |
| 24:25 | Build | House |
| 24:27 | Build | Stone Wall |
| 24:30 | Build | House |
| 24:45 | Create | Skirmisher |
| 24:46 | Create | Skirmisher |
| 25:00 | Create | Villager (Male) |
| 25:35 | Age | Castle Age |
| 25:44 | Research | Elite Skirmisher (upgrade) |
| 25:46 | Create | Skirmisher |
| 25:47 | Create | Skirmisher |
| 25:56 | Build | University |
| 26:00 | Research | Fletching |
| 26:32 | Create | Knight |
| 26:32 | Create | Knight |
| 26:34 | Create | Skirmisher |
| 26:35 | Create | Skirmisher |
| 26:43 | Create | Skirmisher |
| 26:53 | Research | Ballistics |
| 27:08 | Create | Skirmisher |
| 27:18 | Research | Padded Archer Armor |
| 27:21 | Create | Skirmisher |
| 27:21 | Create | Skirmisher |
| 27:35 | Create | Knight |
| 27:59 | Build | Town Center |
| 28:32 | Create | Knight |
| 28:32 | Create | Knight |
| 28:47 | Create | Villager (Male) |
| 29:01 | Create | Skirmisher |
| 29:32 | Build | Town Center |
| 29:39 | Create | Skirmisher |
Build order — RDA Ghosti
124 actions detected in the replay
| 1:32 | Build | Town Center |
| 1:40 | Build | House |
| 2:15 | Build | House |
| 4:10 | Research | Loom |
| 4:11 | Create | Villager (Male) |
| 4:11 | Create | Villager (Male) |
| 4:12 | Create | Villager (Male) |
| 4:12 | Create | Villager (Male) |
| 5:33 | Create | Villager (Male) |
| 6:15 | Create | Villager (Male) |
| 6:33 | Create | Villager (Male) |
| 7:02 | Create | Villager (Male) |
| 7:23 | Create | Villager (Male) |
| 7:35 | Create | Villager (Male) |
| 7:49 | Create | Villager (Male) |
| 8:11 | Build | Lumber Camp |
| 8:16 | Create | Villager (Male) |
| 8:19 | Build | House |
| 8:42 | Create | Villager (Male) |
| 8:46 | Build | House |
| 8:56 | Create | Villager (Male) |
| 9:03 | Create | Villager (Male) |
| 9:19 | Create | Villager (Male) |
| 9:58 | Create | Villager (Male) |
| 9:58 | Create | Villager (Male) |
| 9:58 | Create | Villager (Male) |
| 11:21 | Build | Mining Camp |
| 12:43 | Research | Feudal Age |
| 13:13 | Build | Mill |
| 14:31 | Create | Villager (Male) |
| 14:31 | Create | Villager (Male) |
| 14:55 | Build | House |
| 15:00 | Build | Blacksmith |
| 15:11 | Build | Market |
| 15:38 | Create | Villager (Male) |
| 16:13 | Research | Castle Age |
| 17:33 | Research | Double-Bit Axe |
| 17:38 | Research | Gold Mining |
| 17:49 | Build | Farm |
| 17:50 | Build | Farm |
| 17:51 | Build | Farm |
| 18:43 | Research | Fletching |
| 18:43 | Research | Padded Archer Armor |
| 18:59 | Build | Castle |
| 19:21 | Build | Town Center |
| 19:38 | Create | Villager (Male) |
| 19:39 | Create | Villager (Male) |
| 19:39 | Create | Villager (Male) |
| 20:02 | Build | Farm |
| 20:02 | Build | Farm |
| 20:02 | Build | Farm |
| 20:26 | Create | Conquistador |
| 20:36 | Create | Conquistador |
| 20:42 | Build | Farm |
| 20:57 | Build | Farm |
| 21:04 | Create | Villager (Male) |
| 21:26 | Create | Conquistador |
| 21:36 | Build | Farm |
| 21:36 | Build | Farm |
| 22:00 | Create | Conquistador |
| 22:02 | Create | Villager (Male) |
| 22:34 | Create | Villager (Male) |
| 22:34 | Create | Villager (Male) |
| 22:35 | Create | Villager (Male) |
| 22:35 | Create | Villager (Male) |
| 22:53 | Create | Villager (Male) |
| 23:22 | Create | Conquistador |
| 23:22 | Create | Conquistador |
| 23:35 | Build | Siege Workshop |
| 23:46 | Create | Conquistador |
| 24:10 | Create | Conquistador |
| 24:10 | Create | Conquistador |
| 24:29 | Create | Villager (Male) |
| 24:30 | Create | Villager (Male) |
| 24:30 | Create | Villager (Male) |
| 24:42 | Create | Conquistador |
| 24:51 | Build | Farm |
| 24:51 | Build | Farm |
| 24:52 | Build | Farm |
| 24:52 | Build | Farm |
| 25:51 | Create | Conquistador |
| 25:52 | Create | Conquistador |
| 25:52 | Create | Conquistador |
| 25:52 | Create | Conquistador |
| 25:52 | Create | Conquistador |
| 26:01 | Build | Mining Camp |
| 26:06 | Create | Villager (Male) |
| 26:07 | Create | Villager (Male) |
| 26:07 | Create | Villager (Male) |
| 26:27 | Create | Mangonel |
| 26:46 | Create | Conquistador |
| 26:49 | Create | Villager (Male) |
| 26:49 | Create | Villager (Male) |
| 26:49 | Create | Villager (Male) |
| 26:50 | Create | Villager (Male) |
| 27:23 | Create | Battering Ram |
| 27:36 | Research | Bodkin Arrow |
| 27:56 | Create | Battering Ram |
| 28:05 | Create | Villager (Male) |
| 28:05 | Create | Villager (Male) |
| 28:05 | Create | Villager (Male) |
| 28:05 | Create | Villager (Male) |
| 28:30 | Create | Villager (Male) |
| 29:34 | Create | Conquistador |
| 29:35 | Create | Conquistador |
| 29:35 | Create | Conquistador |
| 29:35 | Create | Conquistador |
| 29:35 | Create | Conquistador |
| 29:36 | Create | Conquistador |
| 29:52 | Create | Conquistador |
| 29:52 | Create | Conquistador |
| 30:16 | Build | Farm |
| 30:16 | Build | Farm |
| 30:16 | Build | Farm |
| 30:16 | Build | Farm |
| 30:17 | Build | Farm |
| 30:18 | Build | Farm |
| 30:25 | Research | Horse Collar |
| 30:36 | Create | Conquistador |
| 31:05 | Create | Conquistador |
| 31:06 | Create | Conquistador |
| 31:18 | Create | Conquistador |
| 31:24 | Create | Mangonel |
| 31:24 | Create | Mangonel |
Build order — DNANNA6781
122 actions detected in the replay
| 1:34 | Build | Town Center |
| 2:12 | Build | House |
| 3:35 | Create | Villager (Male) |
| 3:35 | Create | Villager (Male) |
| 3:36 | Create | Villager (Male) |
| 3:36 | Research | Loom |
| 3:48 | Create | Villager (Male) |
| 3:49 | Create | Villager (Male) |
| 4:54 | Build | House |
| 4:59 | Build | Lumber Camp |
| 5:05 | Create | Villager (Male) |
| 5:25 | Create | Villager (Male) |
| 5:25 | Create | Villager (Male) |
| 6:21 | Create | Villager (Male) |
| 6:21 | Create | Villager (Male) |
| 6:22 | Create | Villager (Male) |
| 6:37 | Create | Villager (Male) |
| 7:01 | Create | Villager (Male) |
| 7:02 | Create | Villager (Male) |
| 7:19 | Build | House |
| 7:44 | Build | House |
| 8:03 | Create | Villager (Male) |
| 8:03 | Create | Villager (Male) |
| 8:04 | Create | Villager (Male) |
| 8:04 | Create | Villager (Male) |
| 9:06 | Create | Villager (Male) |
| 9:07 | Create | Villager (Male) |
| 9:38 | Build | Mill |
| 9:42 | Create | Villager (Male) |
| 9:56 | Build | Mill |
| 10:01 | Create | Villager (Male) |
| 10:28 | Create | Villager (Male) |
| 10:28 | Create | Villager (Male) |
| 10:49 | Build | Barracks |
| 11:14 | Create | Villager (Male) |
| 11:14 | Create | Villager (Male) |
| 11:47 | Build | House |
| 11:50 | Build | House |
| 11:54 | Build | House |
| 12:14 | Create | Villager (Male) |
| 12:14 | Create | Villager (Male) |
| 12:15 | Create | Villager (Male) |
| 13:06 | Research | Feudal Age |
| 14:27 | Create | Villager (Male) |
| 14:27 | Create | Villager (Male) |
| 14:58 | Create | Villager (Male) |
| 15:23 | Create | Eagle Scout |
| 15:23 | Create | Eagle Scout |
| 15:57 | Build | Archery Range |
| 16:12 | Create | Villager (Male) |
| 16:12 | Create | Villager (Male) |
| 16:19 | Create | Eagle Scout |
| 16:54 | Build | Blacksmith |
| 17:27 | Create | Villager (Male) |
| 17:28 | Create | Villager (Male) |
| 17:53 | Research | Castle Age |
| 18:09 | Build | Mining Camp |
| 18:29 | Research | Double-Bit Axe |
| 19:54 | Create | Eagle Scout |
| 19:55 | Create | Eagle Scout |
| 20:05 | Build | Barracks |
| 20:09 | Research | Scale Mail Armor |
| 20:17 | Research | Gold Mining |
| 20:20 | Research | Horse Collar |
| 20:53 | Build | Town Center |
| 20:57 | Create | Villager (Male) |
| 20:58 | Create | Villager (Male) |
| 21:24 | Research | Eagle Warrior (upgrade) |
| 21:25 | Create | Eagle Scout |
| 21:25 | Create | Eagle Scout |
| 21:42 | Create | Villager (Male) |
| 22:30 | Create | Villager (Male) |
| 22:30 | Create | Villager (Male) |
| 22:30 | Create | Villager (Male) |
| 22:32 | Create | Eagle Scout |
| 22:32 | Create | Eagle Scout |
| 22:32 | Create | Eagle Scout |
| 23:09 | Create | Villager (Male) |
| 23:10 | Create | Villager (Male) |
| 23:30 | Create | Eagle Scout |
| 23:30 | Create | Eagle Scout |
| 23:30 | Create | Eagle Scout |
| 24:00 | Build | House |
| 24:02 | Build | House |
| 24:21 | Create | Villager (Male) |
| 24:21 | Create | Villager (Male) |
| 24:21 | Create | Villager (Male) |
| 24:45 | Build | House |
| 24:48 | Build | Palisade Wall |
| 25:02 | Build | Town Center |
| 25:26 | Create | Eagle Scout |
| 25:26 | Create | Eagle Scout |
| 25:26 | Create | Eagle Scout |
| 25:26 | Create | Eagle Scout |
| 25:26 | Create | Eagle Scout |
| 26:00 | Create | Eagle Scout |
| 26:01 | Create | Eagle Scout |
| 26:01 | Create | Eagle Scout |
| 26:01 | Create | Eagle Scout |
| 26:09 | Build | Farm |
| 26:09 | Build | Farm |
| 26:09 | Build | Farm |
| 26:10 | Build | Farm |
| 26:10 | Build | Farm |
| 26:10 | Build | Farm |
| 26:10 | Build | Farm |
| 26:10 | Build | Farm |
| 26:15 | Build | Watch Tower |
| 26:33 | Build | Watch Tower |
| 27:42 | Create | Villager (Male) |
| 27:42 | Create | Villager (Male) |
| 27:42 | Create | Villager (Male) |
| 28:06 | Create | Villager (Male) |
| 28:06 | Create | Villager (Male) |
| 28:46 | Research | Fletching |
| 28:55 | Build | Farm |
| 28:57 | Build | Farm |
| 28:59 | Build | Farm |
| 29:08 | Create | Eagle Scout |
| 29:08 | Create | Eagle Scout |
| 29:08 | Create | Eagle Scout |
| 29:09 | Create | Eagle Scout |
Match timeline
| 1:36 | RDA Infernus · wall_segment Palisade Wall x1 |
| 10:49 | DNANNA6781 · first_building Barracks |
| 11:27 | Marianob04 · first_building Barracks |
| 11:31 | MAYONESA · first_building Barracks |
| 12:23 | DS_Gitano Urbano · age_up feudal |
| 12:27 | RDA | Damiii el TORO · wall_segment Palisade Wall x4 |
| 12:41 | RDA | Damiii el TORO · wall_segment Palisade Wall x1 |
| 12:45 | Marianob04 · age_up feudal |
| 12:48 | Marianob04 · first_building Stable |
| 12:56 | RDA Infernus · age_up feudal |
| 13:12 | RDA | Damiii el TORO · age_up feudal |
| 13:22 | Marianob04 · wall_segment Palisade Wall x7 |
| 13:27 | Marianob04 · wall_segment Palisade Wall x6 |
| 13:30 | Marianob04 · wall_segment Palisade Wall x15 |
| 13:36 | Marianob04 · wall_segment Palisade Wall x3 |
| 14:32 | MAYONESA · age_up feudal |
| 14:37 | MAYONESA · first_building Archery Range |
| 15:05 | PuflitoPisado · age_up feudal |
| 15:57 | DNANNA6781 · first_building Archery Range |
| 16:21 | RDA | Damiii el TORO · first_building Barracks |
| 16:30 | PuflitoPisado · wall_segment Palisade Wall x1 |
| 16:43 | RDA | Damiii el TORO · wall_segment Palisade Wall x1 |
| 16:55 | RDA Infernus · age_up castle |
| 16:56 | DS_Gitano Urbano · first_building Barracks |
| 17:02 | RDA Infernus · first_building Castle |
| 17:17 | PuflitoPisado · first_building Barracks |
| 17:29 | PuflitoPisado · wall_segment Palisade Wall x7 |
| 17:33 | DS_Gitano Urbano · age_up castle |
| 17:39 | RDA Infernus · first_market_sell 100 wood |
| 17:42 | RDA Infernus · first_market_buy 100 stone |
| 17:48 | RDA Infernus · wall_segment Stone Wall x14 |
| 17:52 | PuflitoPisado · first_building Stable |
| 18:18 | MAYONESA · age_up castle |
| 18:20 | RDA | Damiii el TORO · age_up castle |
| 18:43 | PuflitoPisado · wall_segment Palisade Wall x1 |
| 18:56 | RDA | Damiii el TORO · wall_segment Palisade Wall x1 |
| 18:59 | RDA | Damiii el TORO · wall_segment Palisade Wall x1 |
| 18:59 | RDA Ghosti · first_building Castle |
| 19:02 | RDA | Damiii el TORO · wall_segment Palisade Wall x2 |
| 19:16 | RDA Ghosti · first_market_buy 100 stone |
| 19:23 | RDA Infernus · wall_segment Stone Wall x1 |
| 19:27 | Marianob04 · first_building Archery Range |
| 20:18 | MAYONESA · first_market_buy 100 food |
| 20:20 | MAYONESA · first_market_sell 100 wood |
| 20:21 | RDA | Damiii el TORO · first_market_buy 100 stone |
| 20:21 | DS_Gitano Urbano · first_market_buy 100 stone |
| 20:48 | PuflitoPisado · first_market_buy 100 food |
| 21:09 | PuflitoPisado · age_up castle |
| 21:20 | RDA | Damiii el TORO · first_building Castle |
| 21:20 | Marianob04 · wall_segment Palisade Wall x1 |
| 21:27 | Marianob04 · wall_segment Palisade Wall x8 |
| 21:38 | DS_Gitano Urbano · first_market_sell 100 wood |
| 22:43 | PuflitoPisado · first_building Castle |
| 22:46 | RDA | Damiii el TORO · first_market_sell 100 wood |
| 22:47 | Marianob04 · first_market_buy 100 food |
| 23:02 | Marianob04 · wall_segment Palisade Wall x7 |
| 23:35 | RDA Ghosti · first_building Siege Workshop |
| 24:17 | DS_Gitano Urbano · first_building Stable |
| 24:27 | Marianob04 · wall_segment Stone Wall x1 |
| 24:48 | DNANNA6781 · wall_segment Palisade Wall x4 |
| 24:59 | PuflitoPisado · wall_segment Palisade Wall x1 |
| 25:00 | RDA | Damiii el TORO · first_building Siege Workshop |
| 25:35 | Marianob04 · age_up castle |
| 26:40 | MAYONESA · resign |
| 27:15 | Marianob04 · first_market_sell 100 wood |
| 27:49 | PuflitoPisado · first_building Siege Workshop |
| 28:52 | DS_Gitano Urbano · first_building Monastery |
| 31:07 | DS_Gitano Urbano · wall_segment Palisade Wall x1 |
| 31:21 | DS_Gitano Urbano · first_building Castle |
[ AI ANALYSIS · 1 CREDIT ]
What really happened in this match?
Wolo.gg analyzes every decision: build order, eco, micro, common mistakes by bracket. Personalized analysis on WhatsApp or Discord in 30 seconds.
Civ guide
Chinese
Perfil
Jugador #352739